AoeStats
← Alexspiration

Nomad

508229434Analyzed
4v4 RM · 12d ago on Sep 21, 2026· 36m 21s· 8 players
Game mode
Random Map
Map size
231×231
Population
200
Speed
Normal
Resources
Standard
Victory
Conquest
Starting age
Dark Age
Ending age
Imperial Age
RankedLock teamsTeams togetherTeam positionsShared explorationLock speedFull tech treeHidden civsTurbo modeCheats
Victory
Defeat
🇨🇳 Japanese · China
1638
+13
🇨🇳 Spanish · China
1531
+17
🇨🇳 Koreans · China
1497
+19
🇨🇳 Mongols · China
1495
+19
🇹🇼 Spanish · Taiwan
1602
-19
🇨🇳 Vikings · China
1582
-18
🇩🇪 Dravidians · Germany
1544
-16
🇧🇷 Malians · Brazil
1511
-15
若梦子凡
5:48 Loom
14:14 Feudal Age
18:45 Castle Age
17:36 Double-Bit Axe
18:01 Fletching
18:54 Crossbowman
22:31 Horse Collar
25:32 Bodkin Arrow
27:35 Wheelbarrow
29:51 Gold Mining
31:54 Thumb Ring
35:07 Imperial Age
32:46 Padded Archer Armor
34:13 Gold Shaft Mining
34:58 Leather Archer Armor
35:41 Hand Cart
36:09 Bracer
36:40 Ring Archer Armor
35:33 Arbalester
36:40 Ballistics
心如止水
13:27 Feudal Age
12:20 Loom
17:12 Castle Age
15:45 Padded Archer Armor
15:27 Fishing Lines
16:31 Gold Mining
16:28 Double-Bit Axe
20:03 Husbandry
21:03 Bloodlines
24:38 Leather Archer Armor
26:54 Wheelbarrow
28:01 Horse Collar
31:27 Heavy Plow
33:22 Hand Cart
32:52 Town Watch
Alita
5:14 Loom
13:03 Feudal Age
16:07 Scale Barding Armor
16:18 Double-Bit Axe
16:15 Fishing Lines
17:09 Forging
21:08 Castle Age
20:35 Bloodlines
21:38 Light Cavalry
23:54 Horse Collar
25:19 Chain Barding Armor
28:10 Bow Saw
29:18 Fletching
31:23 Iron Casting
33:01 Wheelbarrow
35:53 Imperial Age
33:41 Town Watch
33:55 Gold Mining
34:19 Bodkin Arrow
34:43 Husbandry
35:04 Padded Archer Armor
36:02 Ballistics
36:46 Gold Shaft Mining
青子
4:41 Loom
14:19 Feudal Age
18:06 Castle Age
15:50 Fishing Lines
18:12 Double-Bit Axe
19:01 Medium Warships
22:18 Wheelbarrow
22:34 Bow Saw
28:15 Wheelbarrow
27:49 Horse Collar
29:27 Hand Cart
29:03 Gillnets
34:00 Imperial Age
31:54 Fletching
33:54 Ballistics
33:46 Masonry
34:08 Gold Mining
34:09 Stone Mining
34:43 Bodkin Arrow
36:21 Chemistry
36:53 Bracer
37:25 Architecture
36:36 Treadmill Crane
38:01 Two-Man Saw
p1c0
4:10 Loom
12:39 Feudal Age
17:55 Castle Age
16:42 Fletching
24:17 Town Watch
35:09 Ballistics
Alexspiration
4:35 Loom
13:16 Feudal Age
17:34 Castle Age
15:36 Fishing Lines
16:02 Gold Mining
16:44 Fletching
16:56 Double-Bit Axe
18:32 Medium Warships
18:20 Bodkin Arrow
22:22 Gillnets
25:53 Town Watch
26:56 Horse Collar
27:47 Stone Mining
32:14 Wheelbarrow
33:14 Ballistics
鼠條
11:24 Loom
13:10 Feudal Age
17:22 Castle Age
15:09 Double-Bit Axe
15:32 Fishing Lines
18:55 Gillnets
20:04 Wheelbarrow
20:34 Padded Archer Armor
21:48 Leather Archer Armor
22:00 Horse Collar
27:17 Bloodlines
28:03 Husbandry
old f1sh
7:19 Loom
13:16 Feudal Age
14:54 Fishing Lines
17:34 Castle Age
15:41 Double-Bit Axe
16:48 Fletching
18:16 Crossbowman
19:46 Bodkin Arrow
23:54 Town Watch
26:07 Ballistics
32:52 Elite Skirmisher
Connection lost

Rejoining the realm…

Still unreachable

The connection could not be restored.

Session expired

The server has moved on; the page needs a fresh start.